 Dungeon Crawl Stone Soup version 0.22.0-75-g3901e7991e (webtiles) character file.

1530 AlolanVulpixel the Chopper (level 8, -4/42 HPs)
             Began as a Vine Stalker Fighter on Sept 14, 2018.
             Was a Believer of Dithmenos.
             Slain by a wight
             ... wielding a +4 spear of freezing
              (8 damage)
             ... on level 7 of the Dungeon.
             The game lasted 00:09:47 (4160 turns).

AlolanVulpixel the Chopper (Vine Stalker Fighter)   Turns: 4160, Time: 00:09:47

Health: -4/42      AC:  8    Str: 26    XL:     8   Next: 85%
Magic:  0/9        EV: 10    Int:  8    God:    Dithmenos [**....]
Gold:   227        SH: 10    Dex: 14    Spells: 7/7 levels left

rFire    . . .     SeeInvis .   x - +0 war axe (elec)
rCold    . . .     Gourm    .   c - +0 shield
rNeg     . . .     Faith    .   y - +2 robe of a wizard's laboratory {Regen+ Stlth+}
rPois    .         Spirit   +   (no helmet)
rElec    .         Reflect  .   (no cloak)
rCorr    .         Harm     .   (no gloves)
MR       +....     Rnd*Rage +   (no boots)
Stlth    ++++......             (no amulet)
HPRegen  0.94/turn              o - +4 ring of protection
MPRegen  0.11/turn              (no ring)

@: mighty, wreathed by umbra, drained
A: fangs 3, berserk 1, blink, blurry vision 1, sense surroundings 1,
regeneration 1, magic shield, antimagic bite, no potion heal 3, rot immunity
a: Blink, Shadow Step, Renounce Religion


You were on level 7 of the Dungeon.
You worshipped Dithmenos.
Dithmenos was pleased with you.
You were not hungry.

You visited 1 branch of the dungeon, and saw 7 of its levels.

You collected 227 gold pieces.

Inventory:

Hand Weapons
 a - a +0 long sword
 x - a +0 war axe of electrocution (weapon)
Armour
 c - a +0 shield (worn)
 y - the +2 robe of a wizard's laboratory (worn) {Regen+ Stlth+}
   (You found it on level 5 of the Dungeon)

   It increases your rate of regeneration.
   It makes you more stealthy.
Jewellery
 o - a +4 ring of protection (left hand)
Wands
 t - a wand of flame (21)
 w - a wand of random effects (10)
 B - a wand of iceblast (7)
Scrolls
 e - 4 scrolls of teleportation
 g - 3 scrolls of fear
 h - 4 scrolls of remove curse
 i - 2 scrolls of magic mapping {unknown}
 j - 4 scrolls of identify
 l - a scroll of enchant armour {unknown}
 n - 2 scrolls of blinking {unknown}
 q - a scroll of noise {unknown}
 v - a scroll of enchant weapon {unknown}
Potions
 k - a potion of degeneration {unknown}
 m - a potion of mutation
 p - a potion of ambrosia {unknown}
 r - a potion of flight {unknown}
 s - a potion of curing
 u - a potion of invisibility {unknown}
 z - a potion of heal wounds {unknown}
 A - a potion of brilliance {unknown}
Comestibles
 f - 7 rations


   Skills:
 + Level 4.5(3.6) Fighting
 + Level 4.3(3.4) Long Blades
 + Level 4.6(3.7) Axes
 + Level 4.0(3.1) Armour
 + Level 2.7(1.8) Dodging
 + Level 2.6(1.7) Stealth
 + Level 4.6(3.7) Shields


You had 7 spell levels left.
You didn't know any spells.
Your spell library was empty.

Dungeon Overview and Level Annotations

Branches:
Dungeon (7/15)             Temple (0/1) D:6

Altars:
Dithmenos
Wu Jian
Zin


Innate Abilities, Weirdness & Mutations

You have razor-sharp teeth.
Your natural rate of healing is unusually fast.
When hurt, damage is shared between your health and your magic reserves.
Your bite disrupts and absorbs the magic of your enemies.
Potions cannot restore your health.
You are immune to rotting.
You tend to lose your temper in combat.
You can translocate small distances at will.
Scrolls take you a little longer to read.
You passively map a small area around you.


Message History

* * * LOW HITPOINT WARNING * * *
The wight closely misses you. You block the wight's attack.
You barely miss the wight. Your bite misses the wight.
The wight is lightly damaged.
You miss the adder. You slash the wight! You block the adder's attack.
The wight hits you with a falchion.
* * * LOW HITPOINT WARNING * * *
You feel drained. The wight hits you but does no damage.
The wight hits you with a dagger of freezing.
* * * LOW HITPOINT WARNING * * *
The wight freezes you.
* * * LOW HITPOINT WARNING * * *
The adder barely misses you.
It was a potion of curing.
Your system rejects the healing.
You feel better. The wight hits you but does no damage.
The wight barely misses you. The adder closely misses you.
You block the wight's attack.
You blink.
You feel slightly more hungry. The wight hits you but does no damage.
The wight hits you with a spear of freezing!
You die...

* , , * * * ,*
##############
###.....ยง....[.#
,
.......zz.......
,,
......z@S.......
,
.....#########.#
.)$. # ... , .,<*
* ,, ,


You could see 3 wights and an adder.

Vanquished Creatures
  A hippogriff (D:7)
  A water moccasin (D:5)
  3 sky beasts
  A black bear (D:6)
  2 ice beasts
  2 wights (D:7)
  A jelly (D:4)
  A centaur zombie (D:6)
  An orc priest (D:3)
  3 hounds
  An iguana (D:4)
  3 orc wizards
  3 worker ants
  4 gnolls (D:3)
  A worker ant zombie (D:4)
  9 adders
  2 shadow imps
  An ooze (D:3)
  2 adder skeletons (D:5)
  3 worms
  2 dart slugs (D:1)
  7 leopard geckos
  17 orcs
  2 bats
  A giant cockroach (D:4)
  6 goblins
  9 hobgoblins
  7 jackals (D:2)
  3 quokkas
  A ball python (D:1)
  6 frilled lizards
  8 kobolds
  A quokka skeleton (D:4)
  5 rats
120 creatures vanquished.

Notes
Turn   | Place    | Note
-------+----------+-------------------------------------------
     0 | D:1      | AlolanVulpixel the Vine Stalker Fighter began the quest for
                  | the Orb.
     0 | D:1      | Reached XP level 1. HP: 11/11 MP: 2/2
    92 | D:1      | Reached XP level 2. HP: 16/16 MP: 3/3
   540 | D:1      | Reached XP level 3. HP: 19/19 MP: 4/4
   719 | D:2      | Found a shadowy altar of Dithmenos.
   795 | D:2      | Became a worshipper of Dithmenos the Shadowed
  1344 | D:2      | Gained mutation: Your natural rate of healing is unusually
                  | fast. [Vine Stalker growth]
  1344 | D:2      | Reached XP level 4. HP: 24/24 MP: 5/5
  1489 | D:2      | Found an ornate altar of the Wu Jian Council.
  1845 | D:3      | Reached * piety under Dithmenos
  1845 | D:3      | Reached XP level 5. HP: 17/28 MP: 6/6
  2769 | D:4      | Reached XP level 6. HP: 21/32 MP: 4/7
  3035 | D:5      | Entered Level 5 of the Dungeon
  3299 | D:5      | Noticed an ice beast
  3306 | D:5      | Killed an ice beast
  3306 | D:5      | Reached skill level 1 in Dodging
  3320 | D:5      | Reached XP level 7. HP: 29/36 MP: 8/8
  3377 | D:5      | Reached ** piety under Dithmenos
  3439 | D:5      | Got a smoking robe
  3450 | D:5      | Identified the +2 robe of a wizard's laboratory {Regen+
                  | Stlth+} (You found it on level 5 of the Dungeon)
  3460 | D:5      | Reached skill level 1 in Stealth
  3575 | D:5      | Reached skill level 1 in Axes
  3685 | D:5      | Gained mutation: You have razor-sharp teeth. [Vine Stalker
                  | growth]
  3685 | D:5      | Reached XP level 8. HP: 13/42 MP: 2/9
  3779 | D:6      | Found a glowing silver altar of Zin.
  3779 | D:6      | Noticed an angel
  4019 | D:6      | Found a staircase to the Ecumenical Temple.
  4144 | D:7      | Noticed a hippogriff
  4155 | D:7      | Killed a hippogriff
  4156 | D:7      | Gained mutation: You passively map a small area around you.
                  | [potion of mutation]
  4156 | D:7      | Gained mutation: Scrolls take you a little longer to read.
                  | [potion of mutation]
  4156 | D:7      | Gained mutation: You tend to lose your temper in combat.
                  | [potion of mutation]
  4156 | D:7      | Gained mutation: You can translocate small distances at
                  | will. [potion of mutation]
  4160 | D:7      | Slain by a wight

Skill      XL: |  1  2  3  4  5  6  7  8 |
---------------+-------------------------+-----
Long Blades    | 2 3 4 |  4.3
Shields        | 3 4 |  4.6
Fighting       | 3 4 |  4.5
Armour         | 3 4 |  4.0
Dodging        | 1 2 |  2.7
Stealth        | 1 2 |  2.6
Axes           | 2 4 |  4.6

Action                   |  1- 3 |  4- 6 |  7- 9 || total
-------------------------+-------+-------+-------++-------
Melee: Long sword        |   108 |   140 |       ||   248
       Bite              |    34 |    54 |    26 ||   114
       War axe           |       |    28 |    95 ||   123
Invok: Shadow Step       |       |       |     1 ||     1
 Abil: Blink             |       |       |     1 ||     1
  Use: Scroll            |       |       |     4 ||     4
       Potion            |       |       |     3 ||     3
 Stab: Sleeping          |       |       |     4 ||     4
       Distracted        |       |       |     1 ||     1
  Eat: Ration            |     1 |     1 |       ||     2
       Chunk             |       |     4 |       ||     4
Armor: Scale mail        |    48 |    64 |     3 ||   115
       Robe              |       |       |    49 ||    49
Dodge: Dodged            |    30 |    56 |    52 ||   138
Block: Shield            |    66 |    79 |    67 ||   212
       Rpst.: Long sword |    10 |    16 |       ||    26
